 Dungeon Crawl Stone Soup version 0.25-a0-589-g1e14c54 (webtiles) character file.

Game seed: 14972966906241085596, levelgen mode: deterministic

9646 BlueFish the Protected (level 11, -9/101 HPs)
             Began as a Minotaur Fighter on Mar 9, 2020.
             Was a Believer of Yredelemnul.
             Killed by Lee's Rapid Deconstruction
             ... invoked by Jorgrun
              (18 damage)
             ... on level 13 of the Dungeon.
             The game lasted 00:17:31 (9825 turns).

BlueFish the Protected (Minotaur Fighter)           Turns: 9825, Time: 00:17:32

Health: -9/101     AC: 19    Str: 20    XL:     11   Next: 25%
Magic:  13/13      EV:  4    Int:  5    God:    Yredelemnul [**....]
Gold:   556        SH:  0    Dex: 14    Spells: 10/10 levels left

rFire    . . .     SeeInvis +   I - +3 great sword
rCold    . . .     Gourm    .   (shield currently unavailable)
rNeg     . . .     Faith    .   A - +0 plate armour
rPois    +         Spirit   .   (helmet restricted)
rElec    .         Reflect  .   h - +1 cloak
rCorr    .         Harm     .   w - +0 pair of gloves
MR       .....                  (no boots)
Stlth    ..........             (no amulet)
HPRegen  0.26/turn              z - ring of see invisible
MPRegen  0.13/turn              y - ring of poison resistance

@: about to teleport, petrifying, very slightly contaminated, very slow
A: retaliatory headbutt, horns 2
a: Animate Remains, Recall Undead Slaves, Injury Mirror, Renounce Religion


You were on level 13 of the Dungeon.
You worshipped Yredelemnul.
Yredelemnul was pleased with you.
You were hungry.

You visited 2 branches of the dungeon, and saw 12 of its levels.

You collected 661 gold pieces.
You spent 105 gold pieces at shops.

Inventory:

Hand Weapons
 a - a +0 long sword
 t - a +2 vampiric short sword
 F - a +0 falchion
 I - a +3 great sword (weapon)
Armour
 c - a +0 kite shield
 h - a +1 cloak (worn)
 w - a +0 pair of gloves (worn)
 A - a +0 plate armour (worn)
Jewellery
 u - an uncursed ring of resist corrosion
 y - a ring of poison resistance (right hand)
 z - a ring of see invisible (left hand)
 E - an uncursed ring of stealth
Wands
 d - a wand of paralysis (7)
 k - a wand of digging (12)
 m - a wand of enslavement (19)
 o - a wand of flame (54)
 s - a wand of scattershot (5)
 C - a wand of iceblast (5)
 D - a wand of random effects (40)
Scrolls
 g - a scroll of magic mapping
 i - 2 scrolls of fog
 r - 2 scrolls of remove curse
 v - 2 scrolls of teleportation
 G - 3 scrolls of acquirement {unknown}
 H - 2 scrolls of identify
 K - 2 scrolls of enchant weapon {unknown}
Potions
 b - a potion of might
 e - a potion of lignification
 l - 6 potions of curing
 p - a potion of mutation {unknown}
 q - a potion of resistance {unknown}
 x - 2 potions of stabbing {unknown}
 B - 2 potions of brilliance {unknown}
Comestibles
 f - 20 rations


   Skills:
 * Level 10.3 Fighting
 + Level 8.5(10.2) Short Blades
 * Level 9.8(11.2) Long Blades
 * Level 11.2 Armour
 + Level 3.9 Dodging
 + Level 3.8 Shields
 * Level 5.2 Invocations


You had 10 spell levels left.
You didn't know any spells.
Your spell library contained the following spells:

 Spells                   Type           Power        Failure   Level  Hunger
 Corona                   Hex            #......      100%        1    ##.....
 Ensorcelled Hibernation  Hex/Ice        #.....       100%        2    ###....
 Confusing Touch          Hex            #.......     100%        3    ####...
 Dazzling Flash           Conj/Hex       #.....       100%        3    ####...
 Tukima's Dance           Hex            #.......     100%        3    ####...
 Irradiate                Conj/Tmut      #.........   100%        5    ######.
 Hydra Form               Tmut           #.........   100%        6    #######
 Statue Form              Tmut/Erth      #........    100%        6    #######
 Dragon Form              Tmut           #.........   100%        7    #######


Dungeon Overview and Level Annotations

Branches:
Dungeon (10/15)            Temple (1/1) D:7            Lair (0/6) D:9
    Orc: D:9-12

Altars:
Ashenzari
Cheibriados
Dithmenos
Elyvilon
Fedhas
Gozag
Hepliaklqana
Kikubaaqudgha
Makhleb
Nemelex Xobeh
Okawaru
Qazlal
Ru
Sif Muna
Trog
Uskayaw
Vehumet
Wu Jian
Xom
Yredelemnul
Zin
The Shining One

Shops:
D:9 ?*

Annotations:
D:13 Jorgrun


Innate Abilities, Weirdness & Mutations

You reflexively headbutt those who attack you in melee.
You have a pair of horns on your head.


Message History

You open the door.
There is an open door here.
You open the door.
Jorgrun Earthshaker comes into view.
He is wielding a +0 vorpal quarterstaff and wearing a +2 robe of cold resistance.
Jorgrun shouts!
Jorgrun gestures at you while chanting.
Roots burst forth from the earth!
The grasping roots grab you!
* * * LOW HITPOINT WARNING * * *
The grasping roots constrict you.
There is an open door here.
You escape the roots' grasp.
Jorgrun casts a spell at you.
You are slowing down.
As you read the scroll of teleportation, it crumbles to dust.
You feel strangely unstable.
Jorgrun points at you and mumbles some strange words.
You shatter!!
You die...
Your body rises from the dead as a mindless zombie.

.........#. #........#
.........#.. ..g.....+
.........#... ........#
.........# ..+ .......#
.........# #.# .......#
'###########.###.....#
...............O.....#
...............#.....#
..............O#@....+
######...###...#.....#
...###...####'##........
....#....O.....#........
....#..........#........
....#..........#........
....###..##...##........
....###..##...#.....####
.....#........#


You could see Jorgrun and a two-headed ogre.

Vanquished Creatures
  Harold (D:8)
  A two-headed ogre (D:8)
  An unseen horror (D:13)
  A manticore (D:13)
  An orc sorcerer (D:8)
  A cyclops (D:8)
  Psyche (D:8)
  Prince Ribbit (D:7)
  2 hippogriffs
  A spriggan (D:7)
  A wyvern (D:9)
  A hungry ghost (D:7)
  11 wargs (D:8)
  A sky beast (D:7)
  6 orc warriors
  3 ice beasts
  3 black bears
  A phantom (D:5)
  4 centaurs
  A necrophage (D:9)
  Blork the orc (D:4)
  5 bullfrogs
  A wyvern zombie (D:7)
  3 wights (D:6)
  4 bullfrog zombies
  A howler monkey (D:4)
  4 crimson imps
  A centaur zombie (D:8)
  5 jellies
  6 orc priests
  5 hounds
  6 orc wizards
  Ijyb (D:3)
  2 iguanas
  8 worker ants
  Natasha (thrice) (D:2)
  A killer bee zombie (D:9)
  A worker ant zombie (D:5)
  4 gnolls (D:5)
  2 howler monkey skeletons (D:5)
  19 adders
  A shadow imp (D:5)
  An ooze (D:4)
  An adder skeleton (D:5)
  3 dart slugs
  4 leopard geckos
  59 orcs
  4 ball pythons
  7 giant cockroaches
  9 goblins
  13 hobgoblins
  5 jackals
  8 quokkas
  11 bats
  3 frilled lizards
  3 kobolds
  A quokka skeleton (D:8)
  13 rats
272 creatures vanquished.

Vanquished Creatures (collateral kills)
  2 wargs (D:8)
  4 orcs (D:8)
  2 plants (D:8)
8 creatures vanquished.

Vanquished Creatures (others)
  An orc skeleton (D:8)
  An orc zombie (D:8)
2 creatures vanquished.

Grand Total: 282 creatures vanquished

Notes
Turn   | Place    | Note
-------+----------+-------------------------------------------
     0 | D:1      | BlueFish the Minotaur Fighter began the quest for the Orb.
     0 | D:1      | Reached XP level 1. HP: 19/19 MP: 0/0
   370 | D:1      | Reached XP level 2. HP: 27/27 MP: 1/1
   412 | D:1      | Reached skill level 4 in Armour
   702 | D:2      | Reached XP level 3. HP: 25/33 MP: 2/2
   850 | D:2      | Noticed Natasha
   855 | D:2      | Killed Natasha
   875 | D:2      | Reached XP level 4. HP: 35/41 MP: 3/3
  1067 | D:2      | Noticed Natasha
  1077 | D:2      | Killed Natasha
  1077 | D:2      | Noticed Natasha
  1085 | D:2      | Killed Natasha
  1276 | D:3      | Reached XP level 5. HP: 47/47 MP: 4/4
  1327 | D:3      | Reached skill level 5 in Armour
  1327 | D:3      | Reached skill level 1 in Dodging
  1409 | D:3      | Reached skill level 5 in Fighting
  1423 | D:3      | Reached skill level 5 in Long Blades
  1458 | D:3      | Reached XP level 6. HP: 54/56 MP: 5/5
  1681 | D:3      | Noticed Ijyb
  1691 | D:3      | Killed Ijyb
  2137 | D:4      | Reached skill level 6 in Armour
  2287 | D:4      | Reached XP level 7. HP: 61/61 MP: 6/6
  2413 | D:4      | Got a twisted hand axe
  2466 | D:4      | Noticed Blork the orc
  2473 | D:4      | Killed Blork the orc
  2755 | D:5      | Entered Level 5 of the Dungeon
  2892 | D:5      | Reached skill level 1 in Short Blades
  3335 | D:5      | Reached skill level 7 in Armour
  3390 | D:5      | Reached XP level 8. HP: 69/70 MP: 7/7
  4217 | D:6      | Reached skill level 8 in Armour
  5419 | D:7      | Reached XP level 9. HP: 70/79 MP: 8/8
  5482 | D:7      | Reached skill level 5 in Short Blades
  5600 | D:7      | Reached skill level 9 in Armour
  5626 | D:7      | Found a staircase to the Ecumenical Temple.
  5688 | D:7      | Got a pitted flail
  5701 | Temple   | Entered the Ecumenical Temple
  5765 | Temple   | Became a worshipper of Yredelemnul the Dark
  5948 | D:7      | Noticed Prince Ribbit
  5968 | D:7      | Killed Prince Ribbit
  6086 | D:7      | Reached skill level 1 in Invocations
  6153 | D:8      | Noticed a two-headed ogre
  6170 | D:8      | Killed a two-headed ogre
  6348 | D:8      | Noticed Harold
  6372 | D:8      | Killed Harold
  6372 | D:8      | Reached skill level 10 in Armour
  6372 | D:8      | Reached XP level 10. HP: 49/90 MP: 10/10
  6534 | D:8      | Noticed Psyche
  6574 | D:8      | Reached * piety under Yredelemnul
  6961 | D:8      | Noticed an orc sorcerer
  6990 | D:8      | Noticed a rust devil
  7018 | D:8      | Killed an orc sorcerer
  7407 | D:8      | Reached ** piety under Yredelemnul
  7535 | D:8      | Noticed a cyclops
  7551 | D:8      | Killed a cyclops
  7813 | D:8      | Found an iron altar of Okawaru.
  7864 | D:8      | Killed Psyche
  8182 | D:8      | Reached skill level 10 in Fighting
  8200 | D:8      | Reached XP level 11. HP: 62/99 MP: 13/13
  8511 | D:9      | Reached skill level 5 in Invocations
  9000 | D:9      | Found Xiceurghyfep's Magic Scroll Shoppe.
  9011 | D:9      | Bought a scroll of blinking for 105 gold pieces
  9166 | D:9      | Found a bloodstained altar of Trog.
  9167 | D:9      | Found Emof's Assorted Antiques.
  9253 | D:9      | Found a staircase to the Lair.
  9470 | D:10     | Entered Level 10 of the Dungeon
  9478 | D:10     | You fall into a shaft and drop 3 floors!
  9481 | D:13     | Noticed an unseen horror
  9501 | D:13     | Killed an unseen horror
  9501 | D:13     | Reached skill level 11 in Armour
  9795 | D:13     | Noticed a two-headed ogre
  9822 | D:13     | Noticed Jorgrun
  9825 | D:13     | Killed from afar by Jorgrun

Levels and vault maps discovered:
D:1:      dpeg_arrival_rooms_b, layout_loops_cross
D:2:      layout_basic, uniq_natasha
D:3:      layout_loops_ring, grunt_ministairs_10, uniq_ijyb
D:4:      layout_basic, uniq_blork_the_orc
D:5:      layout_basic, first_ration, corner_web_ring
D:6:      layout_basic
D:7:      layout_basic, minmay_temple_entry_drinking_statues, the_bakery,
          uniq_prince_ribbit1
D:8:      lemuel_castle_with_subvaults [lemuel_castle_interior_original],
          layout_loops_ring, basic_altar, grunt_ministairs_1,
          eino_small_chamber_without_monster, uniq_harold, uniq_psyche
D:9:      layout_irregular_city, kennysheep_little_box, lair_entry_dummy,
          serial_shops, shop, nicolae_shop_crystal, grunt_ministairs_1
D:10:     layout_roguey, orc_0_dummy, kennysheep_island_fort
D:13:     layout_gridville, uniq_jorgrun
Temple:   compressed_dpeg_circular_temple

Skill      XL: |  1  2  3  4  5  6  7  8  9 10 11 |
---------------+----------------------------------+-----
Fighting       | 4 5 6 7 8 10 | 10.3
Armour         | 4 5 6 7 8 10 11 | 11.2
Long Blades    | 3 4 5 6 7 8 9 |  9.8
Dodging        | 1 2 3 |  3.9
Short Blades   | 2 4 7 8 |  8.5
Invocations    | 2 4 5 |  5.2
Shields        | |  3.8

Action                   |  1- 3 |  4- 6 |  7- 9 | 10-12 || total
-------------------------+-------+-------+-------+-------++-------
Melee: Long sword        |    77 |   118 |       |       ||   195
       Headbutt          |     7 |    25 |    93 |    96 ||   221
       Short sword       |       |    34 |   450 |   333 ||   817
       Great sword       |       |       |       |    47 ||    47
Invok: Animate Remains   |       |       |       |    22 ||    22
       Recall Undead Sla |       |       |       |     1 ||     1
Evoke: Wand              |       |       |       |     1 ||     1
  Use: Scroll            |     2 |     5 |     5 |     2 ||    14
       Potion            |       |       |       |     7 ||     7
 Stab: Distracted        |       |       |       |     1 ||     1
  Eat: Chunk             |       |     5 |    12 |    18 ||    35
       Ration            |       |       |     1 |       ||     1
Armor: Scale mail        |    57 |    82 |   153 |    55 ||   347
       Plate armour      |       |       |       |   101 ||   101
Dodge: Dodged            |    40 |   106 |   174 |   154 ||   474
       Rpst.: Long sword |    11 |    18 |       |       ||    29
       Great sword       |       |       |       |     8 ||     8

Table legend:
 A = Non-vault XP
 B = Vault XP
 C = Vault XP percentage of total XP
 D = Non-vault monster count
 E = Vault monster count
 F = Vault count percentage of total count
                 A         B        C        D         E       F
            +---------+---------+-------+---------+---------+-------
      Total |    7765 |    6016 |  43.7 |     205 |      73 |  26.3
            +---------+---------+-------+---------+---------+-------
        D:1 |      32 |       0 |   0.0 |      20 |       0 |   0.0
        D:2 |     129 |      33 |  20.4 |      24 |       1 |   4.0
        D:3 |     297 |      40 |  11.9 |      40 |       3 |   7.0
        D:4 |     316 |     100 |  24.0 |      14 |       1 |   6.7
        D:5 |     555 |       0 |   0.0 |      29 |       0 |   0.0
        D:6 |    1287 |       0 |   0.0 |      22 |       0 |   0.0
        D:7 |     744 |     484 |  39.4 |      12 |       2 |  14.3
        D:8 |    1881 |    5357 |  74.0 |      29 |      65 |  69.1
        D:9 |    1194 |       2 |   0.2 |      12 |       1 |   7.7
       D:13 |    1330 |       0 |   0.0 |       3 |       0 |   0.0
            +---------+---------+-------+---------+---------+-------
